 Dungeon Crawl Stone Soup version 0.14-a0-2474-g7d54a28 (webtiles) character file.

853 MrRokkomies the Slasher (level 7, -3/56 HPs)
             Began as a Djinni Warper on Feb 8, 2014.
             Was a Follower of Nemelex Xobeh.
             Slain by a gnoll
             ... wielding a cursed +0,+0 club
              (4 damage)
             ... on Level 4 of the Dungeon.
             The game lasted 00:12:05 (3140 turns).

MrRokkomies the Slasher (Djinni Warper)             Turns: 3140, Time: 00:12:05

HP  -3/56        AC  9     Str 11      XL: 7   Next: 21%
MP   0/0         EV  9     Int 15      God: Nemelex Xobeh [*.....]
Gold 235         SH  0     Dex 16      Spells:  4 memorised,  2 levels left

rFire  + + +     SeeInvis .     q - +3,+2 elf long sword (slice)
rCold  x . .     Clarity  .     t - +1 orc ring mail
rNeg   + + +     Conserve .     (no shield)
rPois  .         rCorr    .     (no helmet)
rElec  .         rRot     .     u - +2 cloak
SustAb . .       Spirit   .     (no gloves)
rMut   .         Warding  .     (boots unavailable)
Saprov . . .     Stasis   .     (no amulet)
MR     .....                    (no ring)
                                i - +3 ring of dexterity

@: flying, not resistant to hostile enchantments, very unstealthy
A: fire immunity, cold vulnerability, life protection 3
a: Draw One, Renounce Religion


You were on level 4 of the Dungeon.
You worshipped Nemelex Xobeh.
Nemelex Xobeh was aware of your devotion.
You were not hungry.

You visited 1 branch of the dungeon, and saw 4 of its levels.

You collected 235 gold pieces.

Inventory:

Hand weapons
 q - a +3,+2 elven long sword of slicing (weapon)
 A - a cursed -1,-1 orcish dagger
 B - a +0,+0 sling
Missiles
 e - 15 darts (quivered)
 f - 10 darts of dispersal
 h - 26 sling bullets
 r - 11 bolts of flame
Armour
 t - a +1 orcish ring mail (worn)
 u - a +2 cloak (worn)
Magical devices
 n - a wand of slowing (12)
Scrolls
 a - a scroll of noise {unknown}
 b - a scroll of fog
 d - a scroll of blinking
 j - a scroll of immolation
 l - a scroll of fear
 m - 3 scrolls of amnesia
 v - 2 scrolls of teleportation {unknown}
 x - a scroll of magic mapping {unknown}
Jewellery
 i - a +3 ring of dexterity (left hand)
 s - a cursed ring of teleportation
Potions
 g - 2 potions of speed
 k - 5 potions of curing
 o - 4 potions of heal wounds
 p - a potion of berserk rage {unknown}
 w - a potion of resistance
 z - a potion of magic {unknown}
Books
 c - a book of Spatial Translocations

   Spells                             Type                      Level
   *Apportation                       Translocation                1
   Portal Projectile                  Translocation                2
   *Blink                             Translocation                2
   *Shroud of Golubria                Charms/Translocation         2
   *Teleport Other                    Translocation                3
   Passage of Golubria                Translocation                4
Miscellaneous
 y - a plain deck of destruction


   Skills:
 - Level 1.7 Fighting
 + Level 7.4 Long Blades
 - Level 0.8 Throwing
 - Level 1.1 Armour
 - Level 1.7 Dodging
 - Level 2.4 Spellcasting
 * Level 3.0 Charms
 - Level 3.0 Translocations


You had 2 spell levels left.
You knew the following spells:

 Your Spells              Type           Power        Failure   Level  Hunger
a - Apportation           Tloc           ##........   12%         1    #......
b - Shroud of Golubria    Chrm/Tloc      ##........   17%         2    ##.....
c - Blink                 Tloc           N/A          17%         2    ##.....
d - Teleport Other        Tloc           ##......     30%         3    ####...


Dungeon Overview and Level Annotations

Branches:
Dungeon (4/16)
 Temple: D:4-7

Altars:
Nemelex Xobeh


Innate Abilities, Weirdness & Mutations

You are immune to all types of fire, even holy and hellish.
You are vulnerable to cold.
You need no food.
You have no legs.
You are immune to negative energy.


Message History

You hit the gnoll.
The gnoll is heavily wounded.
The gnoll closely misses you.
The gnoll hits you from afar with a spear.
You hit the gnoll.
The gnoll is severely wounded.
The gnoll hits you with a club.
* * * LOW HITPOINT WARNING * * *
The gnoll hits you from afar with a spear!
* * * LOW HITPOINT WARNING * * *
Your ring mail prevents you from hitting the gnoll.
The gnoll is severely wounded.
The gnoll hits you from afar with a spear!
* * * LOW HITPOINT WARNING * * *
The gnoll barely misses you.
You hit the gnoll.
The gnoll is almost dead.
The gnoll hits you but does no damage. The gnoll hits you with a club.
You die...
Your body disappears without a glow.

# #.. ### #.# ..# #.# #.#
#.# #.######
#.#######.#..... .##
#.#.....>.......
#....<####.#.####..##.#.#
#..gg@..........##.#..
###.###.#.####.###.#.. ..
#.#......# #.#.. ##
#.######.###.#.. #.#
#.....### #.######.#####
#........# #######..#
#....#####


You could see 2 gnolls.

Vanquished Creatures
  Grinder (D:4)
  Sigmund (D:3)
  A scorpion (D:4)
  Natasha (twice) (D:4)
  A worker ant (D:4)
  2 orc wizards (D:4)
  Ijyb (D:3)
  A hound skeleton (D:4)
  4 adders
  2 gnolls (D:4)
  A giant mite (D:3)
  An inept feature mimic (D:3)
  A gnoll skeleton (D:4)
  An ooze (D:3)
  8 orcs
  11 bats
  7 giant cockroaches
  9 goblins
  9 hobgoblins
  6 jackals
  4 kobolds
  A quokka (D:2)
  3 ball pythons
  6 giant newts
  A jackal zombie (D:4)
  6 rats
91 creatures vanquished.

Notes
Turn   | Place    | Note
--------------------------------------------------------------
     0 | D:1      | MrRokkomies, the Djinni Warper, began the quest for the Orb.
     0 | D:1      | Reached XP level 1. HP: 17/17 MP: 0/0
    81 | D:1      | Reached XP level 2. EP: 21/24
   798 | D:1      | Learned a level 2 spell: Shroud of Golubria
   801 | D:1      | Learned a level 2 spell: Blink
   890 | D:2      | Reached XP level 3. EP: 28/30
  1264 | D:2      | Reached skill level 1 in Charms
  1273 | D:2      | Reached skill level 4 in Long Blades
  1403 | D:2      | Reached XP level 4. EP: 33/37
  1587 | D:3      | Noticed Ijyb
  1600 | D:3      | Killed Ijyb
  1669 | D:3      | Noticed Sigmund
  1680 | D:3      | Killed Sigmund
  1680 | D:3      | Reached skill level 5 in Long Blades
  1680 | D:3      | Reached XP level 5. EP: 32/43
  1696 | D:3      | Found a sparkling altar of Nemelex Xobeh.
  1752 | D:3      | Became a worshipper of Nemelex Xobeh
  1825 | D:3      | Received a gift from Nemelex Xobeh
  2336 | D:3      | Learned a level 3 spell: Teleport Other
  2472 | D:4      | Noticed Natasha
  2484 | D:4      | Killed Natasha
  2604 | D:4      | Reached XP level 6. EP: 39/50
  2717 | D:4      | Reached skill level 6 in Long Blades
  2886 | D:4      | Acquired Nemelex Xobeh's first power
  2899 | D:4      | Noticed Natasha
  2906 | D:4      | Killed Natasha
  2972 | D:4      | Noticed Grinder
  2993 | D:4      | Killed Grinder
  2993 | D:4      | Reached skill level 7 in Long Blades
  2993 | D:4      | Reached XP level 7. EP: 41/56
  3139 | D:4      | HP: 1/56 [gnoll/spear (7)]
  3140 | D:4      | Slain by a gnoll

Action                   |  1- 3 |  4- 6 |  7- 9 || total
-------------------------+-------+-------+-------++-------
Melee: Falchion          |    97 |       |       ||    97
       Long sword        |    40 |   124 |    28 ||   192
 Cast: Shroud of Golubri |     1 |     3 |       ||     4
Evoke: Wand              |       |     4 |       ||     4
  Use: Scroll            |    12 |     3 |       ||    15
       Potion            |       |     1 |       ||     1
 Stab: Sleeping          |     2 |     1 |       ||     3
